 Dungeon Crawl Stone Soup version 0.22-a0-482-g76e0a5f (webtiles) character file.

6491 Laiders72 the Fighter (level 10, 0/97 HPs)
             Began as a Minotaur Berserker on June 17, 2018.
             Was an Elder of Trog.
             Splashed by Maurice's acid (13 damage)
             ... on level 8 of the Dungeon.
             The game lasted 00:15:46 (6964 turns).

Laiders72 the Fighter (Minotaur Berserker)          Turns: 6964, Time: 00:15:47

Health: 0/97       AC:  7    Str: 21    XL:     10   Next: 68%
Magic:  9/9        EV: 12    Int:  7    God:    Trog [****..]
Gold:   427        SH:  0    Dex: 14    Spells: 9/9 levels left

rFire    . . .     SeeInvis .   p - +0 flail
rCold    + . .     Gourm    .   (no shield)
rNeg     . . .     Faith    .   B - +0 chain mail {rC+}
rPois    .         Spirit   .   F - +2 hat {Int+3}
rElec    .         Reflect  .   k - +1 cloak
rCorr    .         Harm     .   (no gloves)
MR       .....                  (no boots)
Stlth    ..........             (no amulet)
HPRegen  0.26/turn              (no ring)
MPRegen  0.11/turn              (no ring)

@: corroded, berserk cooldown, slowed, very slow
A: retaliatory headbutt, horns 2
a: Berserk, Trog's Hand, Brothers in Arms, Renounce Religion


You were on level 8 of the Dungeon.
You worshipped Trog.
Trog was greatly pleased with you.
You were not hungry.

You visited 1 branch of the dungeon, and saw 8 of its levels.

You collected 427 gold pieces.

Inventory:

Hand Weapons
 p - a +0 flail (weapon)
Missiles
 a - 9 tomahawks
 y - 4 throwing nets (quivered)
Armour
 k - a +1 cloak (worn)
 r - a +0 plate armour
 B - a +0 chain mail of cold resistance (worn)
 E - a +0 pair of gloves
 F - a +2 hat of intelligence (worn)
Wands
 v - a wand of paralysis (21)
 w - a wand of iceblast (8)
 G - a wand of acid (9)
Scrolls
 b - a scroll of identify
 d - 2 scrolls of holy word {unknown}
 g - 3 scrolls of magic mapping {unknown}
 h - 3 scrolls of teleportation
 i - 3 scrolls of enchant armour {unknown}
 l - 2 scrolls of remove curse
 n - a scroll of enchant weapon {unknown}
 q - 2 scrolls of random uselessness {unknown}
 H - a scroll of noise {unknown}
Potions
 f - a potion of resistance
 j - a potion of invisibility
 m - a potion of cancellation
 o - a potion of haste {unknown}
 s - 2 potions of brilliance
 t - 3 potions of lignification {unknown}
 u - 3 potions of heal wounds
 x - 2 potions of might {unknown}
 z - a potion of curing {unknown}
 A - a potion of flight {unknown}
 C - a potion of agility
 D - a potion of mutation {unknown}
Comestibles
 c - 12 rations
 I - 4 chunks of flesh


   Skills:
 * Level 11.7 Fighting
 * Level 11.6 Maces & Flails
 + Level 8.3 Armour
 + Level 7.7 Dodging


You had 9 spell levels left.
You didn't know any spells.
Your spell library was empty.

Dungeon Overview and Level Annotations

Branches:
Dungeon (8/15)             Temple (0/1) D:5
   Lair: D:8-11

Altars:
Dithmenos
Elyvilon
Fedhas
Gozag
Makhleb
Okawaru
Ru
Wu Jian
Xom

Shops:
D:5 *   D:7 *

Annotations:
D:8 Maurice


Innate Abilities, Weirdness & Mutations

You reflexively headbutt those who attack you in melee.
You have a pair of horns on your head.


Message History

You see here a javelin.
A javelin appears from out of thin air!
The javelin hits you but does no damage.
A javelin appears from out of thin air!
The javelin hits you.
You see here 2 javelins.
You hear a zap.
A bolt of acid appears from out of thin air!
The bolt of acid hits you! The acid corrodes you!
You are splashed with acid!
The acid burns!
* * * LOW HITPOINT WARNING * * *
You see here a javelin.
A javelin appears from out of thin air!
The javelin hits you.
* * * LOW HITPOINT WARNING * * *
You see here 2 javelins.
You hear a zap.
A bolt of acid appears from out of thin air!
The bolt of acid hits you!
* * * LOW HITPOINT WARNING * * *
The acid corrodes you!
You are splashed with acid!
The acid burns!
You die...

#..#.#.#.#.
.......... ##
..#.#.#.#. #..
#.........
#.>######.#.#.#.#.
#......##.{.......
#..#.#.##.#.#.#.#.
#.....#(((/......
#.#.#)#@#####.##.
#....)#.#
#...#).†#####.#
########......#
#.......######
#.#######
#.#......
#####.#.......
#.....#....#...


There were no monsters in sight!

Vanquished Creatures
  Gastronok (D:8)
  2 two-headed ogres (D:8)
  Grinder (D:6)
  A hippogriff (D:8)
  Eustachio (D:6)
  A wyvern (D:8)
  3 phantoms
  3 orc warriors
  4 centaurs
  6 ogres
  4 bullfrogs
  A scorpion (D:7)
  5 wights (D:6)
  7 howler monkeys (D:8)
  5 crimson imps
  A quasit (D:7)
  A hound (D:7)
  A centaur zombie (D:7)
  7 orc wizards
  4 bullfrog skeletons
  An orc priest (D:8)
  Crazy Yiuf (D:6)
  A centaur skeleton (D:6)
  Ijyb (D:3)
  3 iguanas
  6 worker ants
  3 worker ant zombies
  3 gnolls (D:6)
  2 howler monkey skeletons
  14 adders
  2 oozes
  An adder skeleton (D:4)
  2 adder zombies (D:5)
  4 worms
  5 dart slugs
  6 leopard geckos
  21 orcs
  3 ball pythons
  6 giant cockroaches
  6 goblins
  6 hobgoblins
  13 jackals
  9 kobolds
  2 quokkas
  12 bats
  5 frilled lizards
  A giant cockroach zombie (D:6)
  2 jackal skeletons
  A leopard gecko skeleton (D:4)
  A leopard gecko zombie (D:7)
  A quokka skeleton (D:8)
  8 rats
211 creatures vanquished.

Vanquished Creatures (collateral kills)
  Psyche (D:8)
  An ice beast (D:6)
  An ogre (D:6)
3 creatures vanquished.

Grand Total: 214 creatures vanquished

Notes
Turn   | Place    | Note
-------+----------+-------------------------------------------
     0 | D:1      | Laiders72 the Minotaur Berserker began the quest for the Orb.
     0 | D:1      | Reached XP level 1. HP: 19/19 MP: 0/0
   192 | D:1      | Reached XP level 2. HP: 27/27 MP: 1/1
   760 | D:1      | Reached XP level 3. HP: 33/33 MP: 2/2
  1184 | D:2      | Reached ** piety under Trog
  1390 | D:3      | Noticed Ijyb
  1407 | D:3      | Killed Ijyb
  1407 | D:3      | Reached XP level 4. HP: 41/41 MP: 3/3
  1542 | D:3      | Found an opulent altar of Gozag.
  1769 | D:3      | Reached skill level 5 in Fighting
  1769 | D:3      | Reached XP level 5. HP: 36/48 MP: 4/4
  1861 | D:3      | Reached skill level 5 in Maces & Flails
  2091 | D:3      | Reached *** piety under Trog
  2672 | D:4      | Reached XP level 6. HP: 56/56 MP: 5/5
  3060 | D:5      | Entered Level 5 of the Dungeon
  3190 | D:5      | Reached XP level 7. HP: 62/63 MP: 6/6
  3191 | D:5      | Found a shimmering altar of Xom.
  3192 | D:5      | Found an iron altar of Okawaru.
  3193 | D:5      | Found a white marble altar of Elyvilon.
  3194 | D:5      | Found a shimmering altar of Xom.
  3195 | D:5      | Found a blossoming altar of Fedhas.
  3195 | D:5      | Found an ornate altar of the Wu Jian Council.
  3198 | D:5      | Found a shadowy altar of Dithmenos.
  3199 | D:5      | Found a burning altar of Makhleb.
  3283 | D:5      | Found a staircase to the Ecumenical Temple.
  3342 | D:5      | Found an opulent altar of Gozag.
  3370 | D:5      | Found Laot's General Store.
  3378 | D:5      | Reached **** piety under Trog
  3438 | D:5      | Reached skill level 5 in Armour
  3715 | D:5      | Found a shimmering altar of Xom.
  3717 | D:5      | Found a shimmering altar of Xom.
  4055 | D:6      | Reached XP level 8. HP: 73/73 MP: 7/7
  4298 | D:6      | Noticed Eustachio
  4308 | D:6      | Killed Eustachio
  4308 | D:6      | Reached skill level 5 in Dodging
  4347 | D:6      | Found a sacrificial altar of Ru.
  4391 | D:6      | Found a runed door.
  4447 | D:6      | Found a sacrificial altar of Ru.
  4477 | D:6      | Noticed Grinder
  4484 | D:6      | Killed Grinder
  5108 | D:6      | Noticed Crazy Yiuf
  5112 | D:6      | Killed Crazy Yiuf
  5189 | D:7      | Reached XP level 9. HP: 82/83 MP: 8/8
  5841 | D:7      | Found Ieix's Incredible Inventory.
  5876 | D:7      | Reached skill level 10 in Fighting
  5876 | D:7      | Reached skill level 10 in Maces & Flails
  6100 | D:8      | Received a gift from Trog
  6219 | D:8      | Noticed Gastronok
  6239 | D:8      | Killed Gastronok
  6239 | D:8      | Reached XP level 10. HP: 84/94 MP: 9/9
  6403 | D:8      | Noticed a two-headed ogre
  6411 | D:8      | Killed a two-headed ogre
  6730 | D:8      | Noticed a two-headed ogre
  6736 | D:8      | Killed a two-headed ogre
  6900 | D:8      | Noticed Psyche
  6907 | D:8      | Killed Psyche
  6952 | D:8      | Noticed Maurice
  6964 | D:8      | Splashed by Maurice's acid

Vault maps used:
D:1:      dpeg_arrival_stonehenge_8_columns
D:3:      grunt_gozag_breadcrumbs, uniq_ijyb
D:5:      grunt_temple_overflow_open, temple_fountains, first_ration,
          serial_shops, nicolae_shop_crystal, basic_altar, xom_redecorated
D:6:      overflow_temple_1_default, nicolae_ru_sacrificial_ziggurat,
          uniq_eustachio, uniq_crazy_yiuf_cottage, uniq_grinder
D:7:      grunt_ogre_cave, nicolae_alphabet_shops
D:8:      serial_co_window_serial, co_window_corner_a,
          co_window_of_opportunity_a, co_window_of_opportunity_a,
          co_window_corner_a, co_window_paths_a, co_window_corner_a,
          co_window_of_opportunity_a, co_window_2corner, co_window_cross_2,
          co_window_corner_b, co_window_2corner, co_window_cross_4,
          co_window_2corner, co_window_of_opportunity_c, co_window_paths_d,
          glass_columns_a, glass_columns_c, glass_columns_a, glass_columns_b,
          uniq_psyche, uniq_gastronok, uniq_maurice

Skill      XL: |  1  2  3  4  5  6  7  8  9 10 |
---------------+-------------------------------+-----
Fighting       | 4 5 6 7 9 10 11 | 11.7
Maces & Flails | 4 5 6 7 9 10 11 | 11.6
Armour         | 3 4 5 6 7 8 |  8.3
Dodging        | 3 4 5 6 7 |  7.7

Action                   |  1- 3 |  4- 6 |  7- 9 | 10-12 || total
-------------------------+-------+-------+-------+-------++-------
Melee: Mace              |    86 |    84 |       |       ||   170
       Headbutt          |    13 |    22 |    64 |    12 ||   111
       Flail             |       |    73 |   283 |    63 ||   419
Invok: Berserk           |       |     2 |    10 |     3 ||    15
       Trog's Hand       |       |     1 |     4 |       ||     5
       Brothers in Arms  |       |       |     2 |     1 ||     3
  Use: Scroll            |     1 |     4 |     4 |       ||     9
  Eat: Chunk             |     1 |     9 |    15 |     5 ||    30
       Ration            |       |       |     1 |     1 ||     2
Armor: Animal skin       |    11 |       |       |       ||    11
       Chain mail        |    18 |    80 |   142 |    26 ||   266
       Plate armour      |       |       |    30 |       ||    30
Dodge: Dodged            |    62 |    82 |   148 |    36 ||   328

Table legend:
 A = Spawn XP
 B = Non-spawn XP
 C = Spawn XP percentage of total XP
 D = Spawn monster count
 E = Non-spawn monster count
 F = Spawn count percentage of total count
 G = Total turns spent on level
                    A         B        C        D         E        F      G
               +---------+---------+-------+---------+---------+-------+---------
         Total |       0 |    9274 |   0.0 |       0 |     214 |   0.0 |  6964
               +---------+---------+-------+---------+---------+-------+---------
           D:1 |       0 |      42 |   0.0 |       0 |      21 |   0.0 |  1036
           D:2 |       0 |      61 |   0.0 |       0 |      25 |   0.0 |   605
           D:3 |       0 |     203 |   0.0 |       0 |      32 |   0.0 |   906
           D:4 |       0 |     285 |   0.0 |       0 |      20 |   0.0 |   571
           D:5 |       0 |     773 |   0.0 |       0 |      21 |   0.0 |   895
           D:6 |       0 |    1409 |   0.0 |       0 |      24 |   0.0 |  1170
           D:7 |       0 |    1661 |   0.0 |       0 |      39 |   0.0 |   885
           D:8 |       0 |    4840 |   0.0 |       0 |      32 |   0.0 |   896
               +---------+---------+-------+---------+---------+-------+---------
